 Dungeon Crawl Stone Soup version 0.30.0-15-g856e2d3f33 (webtiles) character file.

Game seed: 9954717571189394819

7879 javelincjr the Sneak (level 10, -3/83 HPs)
             Began as a Demigod Conjurer on May 19, 2023.
             Slain by a boulder beetle (20 damage)
             ... on level 11 of the Dungeon.
             The game lasted 00:50:59 (13381 turns).

javelincjr the Sneak (Demigod Conjurer)            Turns: 13381, Time: 00:51:01

Health: -3/83      AC: 30    Str: 22    XL:     10   Next: 72%
Magic:  0/12       EV:  9    Int: 24    God:
Gold:   781        SH:  5    Dex: 12    Spells: 15/18 levels left

rFire   . . .        O - +1 trident "Bautsen" {freeze, rElec rPois Will- MP-9}
rCold   . . .        d - +0 buckler
rNeg    . . .        u - +9 crystal plate armour "Joup" {Harm +Inv}
rPois   +            P - +0 helmet
rElec   +            q - +0 cloak
rCorr   .            (no gloves)
SInv    .            T - +0 pair of boots
Will    .....        k - amulet of guardian spirit Stlth
                     r - +5 ring of evasion
HPRegen 0.33/turn    a - +6 ring of strength
MPRegen 0.13/turn

%: harm (+30% outgoing, +20% incoming), guardian spirit
@: studying Necromancy
A: high MP 1, forlorn, divine attributes
a: Evoke Invisibility


You were on level 11 of the Dungeon.
You visited 1 branch of the dungeon, and saw 11 of its levels.
You also visited: Ossuary and Ice Cave.

You collected 781 gold pieces.

Inventory:

Hand Weapons
 p - a +2 scimitar of flaming
 M - a +4 quarterstaff
 O - the +1 trident "Bautsen" (weapon) {freeze, rElec rPois Will- MP-9}
   (You found it on level 5 of the Dungeon)

   rElec:     It insulates you from electricity.
   rPois:     It protects you from poison.
   MP:        It affects your magic capacity (-9).
   Will:      It decreases your willpower.
 S - a +0 demon blade
 V - a +2 antimagic sling
Missiles
 D - a throwing net
Armour
 d - a +0 buckler (worn)
 g - a +0 troll leather armour
 n - the +3 robe "Ira Yxki" {Drain Fly Dex+2}
   (You found it on level 2 of the Dungeon)

   Dex:       It affects your dexterity (+2).
   Fly:       It grants you flight.
   Drain:     It drains your maximum health when unequipped.
 q - a +0 cloak (worn)
 u - the +9 crystal plate armour "Joup" (worn) {Harm +Inv}
   (You acquired it on level 5 of the Dungeon)

   +Inv:      It lets you turn invisible.
   Harm:      It increases damage dealt and taken.
 P - a +0 helmet (worn)
 T - a +0 pair of boots (worn)
 U - a +0 scale mail of cold resistance
 W - +0 steam dragon scales
Jewellery
 a - a +6 ring of strength (right hand)
 k - an amulet of guardian spirit (around neck)
 r - a +5 ring of evasion (left hand)
 s - a ring of positive energy
 J - a +6 ring of dexterity
Wands
 o - a wand of quicksilver (3)
 F - a wand of flame (35)
 G - a wand of paralysis (13)
 N - a wand of roots (19)
 Z - a wand of digging (6)
Scrolls
 c - a scroll of blinking
 f - 9 scrolls of teleportation
 i - 4 scrolls of fog
 l - 6 scrolls of immolation
 m - a scroll of summoning
 y - 2 scrolls of magic mapping {unknown}
 z - a scroll of fear {unknown}
 A - 3 scrolls of enchant armour {unknown}
 C - 4 scrolls of amnesia
 I - a scroll of poison {unknown}
 K - a scroll of enchant weapon {unknown}
 R - a scroll of torment {unknown}
 X - a scroll of identify
 Y - a scroll of vulnerability {unknown}
Potions
 b - 2 potions of magic
 e - 4 potions of brilliance
 h - 2 potions of ambrosia
 j - 3 potions of curing {unknown}
 t - 2 potions of attraction {unknown}
 v - 9 potions of mutation
 w - 3 potions of flight
 x - 3 potions of might
 E - 2 potions of resistance
 H - a potion of haste
 L - a potion of cancellation {unknown}
 Q - a potion of lignification {unknown}


   Skills:
 + Level 5.9 Fighting
 - Level 0.6 Long Blades
 + Level 3.6 Polearms
 * Level 5.6 Armour
 - Level 4.9 Dodging
 + Level 7.0 Stealth
 + Level 5.3 Shields
 - Level 4.8 Spellcasting
 - Level 6.2 Conjurations
 + Level 3.7 Evocations


You had 15 spell levels left.
You knew the following spells:

 Your Spells              Type           Power      Damage    Failure   Level
a - Magic Dart            Conj           100%       1d8       71%         1
b - Searing Ray           Conj           70%        2d7       83%         2

Your spell library contained the following spells:

 Spells                   Type           Power      Damage    Failure   Level
 Summon Small Mammal      Summ           20%        N/A       100%        1
 Cigotuvi's Dreadful Rot  Necr/Pois/Air  10%        N/A       100%        2
 Call Canine Familiar     Summ           5%         N/A       100%        3
 Dazzling Flash           Conj/Hex       40%        N/A       100%        3
 Gell's Gravitas          Tloc           5%         N/A       100%        3
 Hailstorm                Conj/Ice       20%        3d6       100%        3
 Ignite Poison            Fire/Tmut/Pois 5%         N/A       100%        3
 Summon Guardian Golem    Hex/Summ       5%         N/A       100%        3
 Teleport Other           Tloc           5%         N/A       100%        3
 Vhi's Electric Charge    Tloc/Air       10%        N/A       100%        3
 Fulminant Prism          Conj/Hex       10%        3d8       100%        4
 Ice Form                 Ice/Tmut       5%         N/A       100%        4
 Iskenderun's Mystic Bla  Conj/Tloc      20%        2d6       100%        4
 Arcjolt                  Conj/Air       10%        1d20      100%        5
 Freezing Cloud           Conj/Ice/Air   7%         6-21      100%        5
 Dispersal                Tloc           2%         N/A       100%        6
 Simulacrum               Ice/Necr       2%         N/A       100%        6
 Maxwell's Capacitive Co  Air            2%         ∞         100%        8


Dungeon Overview and Level Annotations

Branches:
Dungeon (11/15)            Temple (0/1) D:5             Orc (0/2) D:11
Ossuary (visited)           IceCv (visited)
   Lair: D:8-11

Shops:
D:4 :   D:9 *

Annotations:
D:7 1 runed translucent door, buriedalive's ghost, novice DEIE
D:10 1 transporter


Innate Abilities, Weirdness & Mutations

You have an increased reservoir of magic. (+10% MP)
You shall have no god before yourself.
Your divine heritage dramatically boosts your attributes as you level up.


Message History

The boulder beetle is almost dead.
The boulder beetle leaps!
There is an open door here.
Aiming: Throw Flame
Press: ? - help, Q - select action, (/) - cycle Shift-Dir - straight line, f/p - boulder beetle
Aim: a boulder beetle (almost dead, 100% to hit)
The puff of flame hits the boulder beetle.
The boulder beetle is almost dead.
The boulder beetle leaps!
You are too injured to fight recklessly!
There is an open door here.
You are too injured to fight recklessly!
You are too injured to fight recklessly!
You are too injured to fight recklessly!
Reach: O) +1 trident "Bautsen" {freeze, rElec rPois Will- MP-9}
Press: ? - help, Dir - move target, f/p - boulder beetle
Aim: a boulder beetle (almost dead, about 10% to evade the +1 trident "Bautsen")
You reach to attack!
You hit the boulder beetle but do no damage.
The boulder beetle is almost dead.
You hit the boulder beetle. You freeze the boulder beetle.
The boulder beetle is almost dead.
The boulder beetle leaps!
Reach: O) +1 trident "Bautsen" {freeze, rElec rPois Will- MP-9}
Press: ? - help, Dir - move target, f/p - boulder beetle
Aim: a boulder beetle (almost dead, about 10% to evade the +1 trident "Bautsen")
You reach to attack!
You hit the boulder beetle but do no damage.
The boulder beetle is almost dead.
The boulder beetle leaps!
The boulder beetle waves its antennae.
The boulder beetle curls into a ball and begins rolling!
You see here a +0 ring mail.
Reach: O) +1 trident "Bautsen" {freeze, rElec rPois Will- MP-9}
Press: ? - help, Dir - move target, f/p - boulder beetle
Aim: a boulder beetle (almost dead, rolling, about 10% to evade the +1 trident "Bautsen")
You reach to attack!
You hit the boulder beetle. You freeze the boulder beetle.
The boulder beetle is almost dead.
The boulder beetle hits you!!
You die...

#.. ## #.##.......... ###. #.
#.. .#... ###.######## #... #.
#.# .#.# #.# #.. #.##.##...#
##+## #.. #........# ##...##
##.# ##.#.#.### ##.....## #
##.## #.#...## ##.......##
##.#..#
#.#.#..####.........####....###
#..###....'...@.....+..........
#.#.#..####....B....###.....##.
#.....## ##....○..## #.#...##.
####.## ##.....## #.##.###. #.#
##...## #.##.###. #.# ##'##
#........ # # #.# #######.####
#.# #....[..# ##.## #.#######


You could see a boulder beetle (rolling).

Vanquished Creatures
  A two-headed ogre (D:9)
  A gargoyle (D:10)
  An unseen horror (D:11)
  2 ice devils (IceCv)
  2 trolls
  Sigmund (D:2)
  A shadow (D:6)
  2 wyverns
  13 yaks
  A steam dragon (D:9)
  A warg (D:11)
  Duvessa (D:5)
  5 water moccasins
  2 orc warriors
  2 ice beasts
  2 ogres
  2 centaurs
  A kobold brigand (D:4)
  5 scorpions
  3 bullfrogs (D:8)
  Dowan (D:5)
  5 howler monkeys
  A centaur zombie (Ossuary)
  A hound (D:4)
  4 jellies
  4 orc priests
  4 iguanas
  2 sleepcaps
  8 orc wizards
  A spriggan simulacrum (IceCv)
  A troll simulacrum (IceCv)
  3 mummies (Ossuary)
  10 adders
  3 gnolls (D:3)
  A naga simulacrum (IceCv)
  2 white imps
  2 ufetubi
  A worm (D:3)
  40 orcs
  7 bats
  5 endoplasms
  7 goblins
  4 hobgoblins
  4 jackals (D:4)
  6 quokkas
  10 ball pythons
  5 frilled lizards
  5 hobgoblin zombies (Ossuary)
  9 kobolds
  2 kobold zombies (Ossuary)
  8 rats
215 creatures vanquished.

Vanquished Creatures (others)
  An endoplasm (D:4)
1 creature vanquished.

Grand Total: 216 creatures vanquished

Notes
Turn   | Place    | Note
-------+----------+-------------------------------------------
     0 | D:1      | javelincjr the Demigod Conjurer began the quest for the
                  | Orb.
     0 | D:1      | Reached XP level 1. HP: 14/14 MP: 5/5
   314 | D:1      | Reached skill level 2 in Stealth
   437 | D:1      | Reached XP level 2. HP: 22/22 MP: 4/7
  1139 | D:2      | Identified the +3 robe "Ira Yxki" {Drain Fly Dex+2}
  1267 | D:2      | Reached XP level 3. HP: 22/27 MP: 4/8
  1326 | D:2      | Reached skill level 1 in Fighting
  1876 | D:2      | Noticed Sigmund
  1886 | D:2      | Killed Sigmund
  1887 | D:2      | Reached skill level 3 in Stealth
  1887 | D:2      | Reached XP level 4. HP: 18/36 MP: 8/10
  1887 | D:2      | Reached XP level 5. HP: 20/41 MP: 8/11
  2283 | D:3      | Learned a level 2 spell: Searing Ray
  3030 | D:4      | Noticed an ogre
  3038 | D:4      | Killed an ogre
  3039 | D:4      | Reached XP level 6. HP: 22/48 MP: 4/13
  3058 | D:4      | Reached skill level 1 in Shields
  3170 | D:4      | Found a sand-covered staircase.
  3194 | Ossuary  | Entered an ossuary
  3718 | D:4      | Reached XP level 7. HP: 52/56 MP: 15/15
  3892 | D:4      | Found Boack's Book Boutique.
  4117 | D:4      | You are sucked into a shaft and drop 3 floors!
  4193 | D:7      | Reached skill level 4 in Stealth
  4309 | D:7      | Reached skill level 5 in Conjurations
  4957 | D:5      | Entered Level 5 of the Dungeon
  4984 | D:5      | Reached XP level 8. HP: 59/63 MP: 17/17
  5466 | D:5      | Reached skill level 5 in Stealth
  5582 | D:5      | Found a staircase to the Ecumenical Temple.
  5742 | D:5      | Noticed Duvessa
  5742 | D:5      | Noticed Dowan
  5753 | D:5      | Killed Duvessa
  5754 | D:5      | Killed Dowan
  6108 | D:5      | Identified the +1 trident "Bautsen" {freeze, rElec rPois
                  | Will- MP-9}
  6185 | D:5      | Identified a scroll of acquirement
  6185 | D:5      | Acquired the +9 crystal plate armour "Joup" {Harm +Inv}
  6277 | D:6      | Reached XP level 9. HP: 38/64 MP: 16/19
  6430 | D:6      | Reached skill level 1 in Armour
  7043 | D:7      | Reached skill level 1 in Evocations
  7502 | D:7      | Found a runed translucent door.
  7502 | D:7      | Noticed a +0 hand axe of chaos
  7502 | D:7      | Noticed buriedalive's ghost (novice DEIE)
  8349 | D:8      | Reached skill level 1 in Polearms
  9600 | D:9      | Reached skill level 6 in Stealth
  9689 | D:9      | Noticed a two-headed ogre
  9698 | D:9      | Killed a two-headed ogre
  9699 | D:9      | Reached skill level 5 in Fighting
 10217 | D:9      | Found Xoewi's Assorted Antiques.
 10422 | D:10     | Entered Level 10 of the Dungeon
 10608 | D:10     | Found a transporter.
 10609 | D:10     | Noticed a gargoyle
 10627 | D:10     | Killed a gargoyle
 10628 | D:10     | Reached XP level 10. HP: 59/81 MP: 10/21
 11137 | D:10     | Found a transporter.
 11147 | D:10     | Found a transporter.
 11499 | D:10     | Found a transporter.
 11857 | D:11     | Found a staircase to the Orcish Mines.
 11950 | D:11     | Found a frozen archway.
 11960 | IceCv    | Entered an ice cave
 12101 | IceCv    | HP: 2/81 [ice devil (14)]
 12109 | IceCv    | Reached skill level 5 in Shields
 12127 | IceCv    | Reached skill level 5 in Armour
 12356 | IceCv    | Noticed an ice statue
 12356 | IceCv    | Noticed an ice statue
 12362 | IceCv    | HP: 2/83 [ice statue/freezing blast (9)]
 13077 | D:11     | Reached skill level 7 in Stealth
 13118 | D:11     | Noticed a boulder beetle
 13381 | D:11     | Slain by a boulder beetle

Illustrated notes

Levels and vault maps discovered:
D:1:      dpeg_arrival_concentric_ovals, layout_basic
D:2:      minmay_wonky_spiral, layout_basic, serial_forest,
          infiniplex_forest_clump_cross, infiniplex_forest_lined_2,
          infiniplex_forest_clump_tiny, infiniplex_forest_diagonal,
          infiniplex_forest_straight_2, infiniplex_forest_clump_C,
          infiniplex_forest_lined_2, minivault_24, st_stairs_12,
          minmay_strange_pillars, uniq_sigmund
D:3:      layout_loops_ring
D:4:      layout_basic, mainiacjoe_overflow_alcove_2,
          nicolae_ossuary_entry_monument, serial_shops, shop_fountains,
          lexackson_kobold_supper
D:5:      layout_loops_cross, elyvilon_altar_5, xom_confusion_cloud,
          minmay_temple_entry_junction, uniq_duvessa
D:6:      layout_basic, minmay_manual_mess
D:7:      layout_cave_pools, ebering_ghost_xom
D:8:      layout_basic, serial_bayou_crossing
D:9:      layout_stronghold, gammafunk_temple_overflow_claw,
          gammafunk_temple_overflow_pools, serial_shops, nicolae_lakefront_shop,
          nicolae_nh_ransacked_shop
D:10:     layout_stronghold, nicolae_transporter_intersection
D:11:     layout_loops_corners, dpeg_lair_monsters, erik_orc_3, special_room
          [special_room_orc], portal_ice_cave_entry_pillars_2

Skill      XL: |  1  2  3  4  5  6  7  8  9 10 |
---------------+-------------------------------+-----
Stealth        | 2 3 4 5 6 7 |  7.0
Dodging        | 2 3 4 |  4.9
Spellcasting   | 2 3 4 |  4.8
Fighting       | 2 3 4 5 |  5.9
Conjurations   | 4 5 6 |  6.2
Shields        | 1 2 3 4 5 |  5.3
Armour         | 3 5 |  5.6
Evocations     | 2 3 |  3.7
Polearms       | 2 3 |  3.6
Long Blades    | |  0.6

Action                     |  1- 3 |  4- 6 |  7- 9 | 10-12 || total
---------------------------+-------+-------+-------+-------++-------
  Melee: Short sword       |    38 |       |       |       ||    38
         Scimitar          |     8 |    68 |    77 |       ||   153
         Trident           |       |       |   178 |   352 ||   530
   Cast: Magic Dart        |    48 |    26 |    56 |       ||   130
         Searing Ray       |       |     5 |    22 |       ||    27
  Evoke: Wand              |       |       |     1 |     4 ||     5
    Use: Scroll            |       |       |    11 |       ||    11
         Potion            |       |       |       |     7 ||     7
   Stab: Sleeping          |     1 |     7 |     3 |       ||    11
         Distracted        |       |       |     1 |       ||     1
         Paralysed         |       |       |    11 |       ||    11
 Armour: Robe              |    20 |    10 |    14 |       ||    44
         Crystal plate arm |       |       |   163 |   229 ||   392
  Dodge: Dodged            |    38 |    53 |   109 |   115 ||   315
  Block: Buckler           |    12 |    12 |    66 |    62 ||   152
